[Event "*** Titled Tuesday Blitz"]
[Site "Chess.com"]
[Date "2021.02.16"]
[Round "3"]
[White "ChronicUnhappiness"]
[Black "onetowin"]
[Result "1-0"]
[WhiteElo "2308"]
[BlackElo "2010"]
[TimeControl "180+1"]
[EndTime "10:28:29 PST"]
[Termination "ChronicUnhappiness won by resignation"]

1. d4 b6 2. e4 Bb7 3. Nd2 e6 4.
Ngf3 c5 5. c3 Nf6 6. Bd3 d5 7.
e5 Ne4 8. Qe2 Nxd2 9. Bxd2 Be7 10. h4 Nd7 11. h5 Qc7 12. h6 g6 13. Ng5 Nf8 14. Qf3 Bxg5 15. Bxg5 a5 16. Rh4 Ba6 17. Bxa6 Rxa6 18. Rf4 Ra7 19. g4 cxd4 20. cxd4 Qc2 21. Qb3 Qxb3 22. axb3 Rc7 23. Rf3 Rc2 24. Rc3 Rxc3 25.
bxc3 Nd7 26. b4 axb4 27. Ra8+ 1-0

[Event "*** Titled Tuesday Blitz"]
[Site "Chess.com"]
[Date "2021.02.16"]
[Round "3"]
[White "sergivila"]
[Black "Skatchkov_V"]
[Result "0-1"]
[WhiteElo "2301"]
[BlackElo "2518"]
[TimeControl "180+1"]
[EndTime "10:28:30 PST"]
[Termination "Skatchkov_V won by resignation"]

1. e4 e5 2. Nf3 d5 3. exd5 e4 4. Qe2 Nf6 5. Nc3 Be7 6. Nxe4 O-O 7. Nxf6+ Bxf6 8. Qd1 Qxd5 9. Be2 c5 10. O-O Nc6 11. d3 Bf5 12. Nd2 Nd4 13. Nc4 Nxe2+ 14. Qxe2 Rfe8 15. Qd1 Qc6 16. a4 Rad8 17. Bd2 Be6 18. Na5 Qd7 19. b3 Bxa1 20. Qxa1 b6 21. Nc4 Bxc4 22. bxc4 Re2 23. Bc3 f6 24. Qa2 Qxd3 25.
Qb3 Rxc2 0-1

[Event "*** Titled Tuesday Blitz"]
[Site "Chess.com"]
[Date "2021.02.16"]
[Round "3"]
[White "ChampStan"]
[Black "Ave_Mariia"]
[Result "1-0"]
[WhiteElo "2256"]
[BlackElo "2482"]
[TimeControl "180+1"]
[EndTime "10:28:32 PST"]
[Termination "ChampStan won by checkmate"]

1. e4 c5 2. Nf3 d6 3. Bb5+ Nd7 4. d4 cxd4 5. Qxd4 Nf6 6. O-O a6 7. Be2 e5 8. Qe3 Be7 9. c4 O-O 10. Nc3 b6 11. Rd1 Bb7 12. Nh4 Nc5 13. Nf5 Ncxe4 14. Nxe4 Nxe4 15. Bf3 Bg5 16. Qe2 Nc5 17. Rxd6 Qc8 18. Qxe5 Re8 19. Qxg7# 1-0

[Event "*** Titled Tuesday Blitz"]
[Site "Chess.com"]
[Date "2021.02.16"]
[Round "3"]
[White "KruHor"]
[Black "frankshar"]
[Result "1-0"]
[WhiteElo "2541"]
[BlackElo "2342"]
[TimeControl "180+1"]
[EndTime "10:28:34 PST"]
[Termination "KruHor won by resignation"]

1. e4 c5 2. Nf3 Nc6 3. Bc4 e6 4. O-O g6 5. d4 d5 6. exd5 exd5 7. Re1+ Nge7 8. Bb5 c4 9. Bg5 Be6 10. Bf6 Rg8 11.
Ng5 Qb6 12. Nc3 a6 13. Nxe6 fxe6 14. Qg4 Nf5 15. Nxd5 Qa5 16. Qe2 1-0

[Event "*** Titled Tuesday Blitz"]
[Site "Chess.com"]
[Date "2021.02.16"]
[Round "3"]
[White "MuhittinBuker"]
[Black "arminmusovic"]
[Result "0-1"]
[WhiteElo "2072"]
[BlackElo "2473"]
[TimeControl "180+1"]
[EndTime "10:28:34 PST"]
[Termination "arminmusovic won by resignation"]

1. d4 d5 2. c4 c5 3. Nc3 cxd4 4. Nxd5 Nc6 5. Nf3 e6 6. Nf4 Nf6 7. Nd3 e5 8. Nd2 e4 9. Nf4 e3 10. fxe3 dxe3 11. Nb1 Bb4+ 12. Nc3 Qa5 13. Qb3 Nd4 14. Qd1 Bxc3+ 15. bxc3 Qxc3+ 16. Bd2 Nc2+ 17. Qxc2 Qxc2 18. Bxe3 Qc3+ 0-1

[Event "*** Titled Tuesday Blitz"]
[Site "Chess.com"]
[Date "2021.02.16"]
[Round "3"]
[White "tlomigtlis"]
[Black "Politov_Pavel"]
[Result "0-1"]
[WhiteElo "2587"]
[BlackElo "2416"]
[TimeControl "180+1"]
[EndTime "10:28:38 PST"]
[Termination "Politov_Pavel won on time"]

1. d4 Nf6 2. c4 g6 3. Nc3 Bg7 4. g3 O-O 5. Bg2 d6 6. Nf3 Nc6 7. O-O a6 8. d5 Na5 9. Nd2 c5 10.
Qc2 Rb8 11. b3 b5 12. Bb2 Bh6 13. Nce4 Nxe4 14. Nxe4 bxc4 15. Qc3 f6 16. bxc4 Nxc4 17. Bc1 Bxc1 18. Qxc1 Nb6 19. Qh6 Rf7 0-1

[Event "*** Titled Tuesday Blitz"]
[Site "Chess.com"]
[Date "2021.02.16"]
[Round "3"]
[White "L1m96"]
[Black "Rozum_Ivan"]
[Result "0-1"]
[WhiteElo "2530"]
[BlackElo "2749"]
[TimeControl "180+1"]
[EndTime "10:28:39 PST"]
[Termination "Rozum_Ivan won by resignation"]

1. e4 Nf6 2. e5 Nd5 3. c4 Nb6 4. d4 d6 5. exd6 exd6 6. Nc3 Be7 7. Be3 O-O 8. Rc1 Nc6 9. Nf3 Bg4 10. b3 Bf6 11. Be2 d5 12. O-O dxc4 13. d5 Bxf3 14.
Bxf3 Ne5 15. bxc4 Nbxc4 16. Bc5 Nxf3+ 17. Qxf3 Nd2 18. Qd3 Nxf1 19. Bxf8 Nxh2 20. Bxg7 Bxg7 21. Kxh2 Qg5 22. Rc2 Re8 23. g3 Re1 24. Kg2 Qh5 0-1

[Event "*** Titled Tuesday Blitz"]
[Site "Chess.com"]
[Date "2021.02.16"]
[Round "3"]
[White "kuban1991"]
[Black "IMAghasiyevKamal"]
[Result "1-0"]
[WhiteElo "2879"]
[BlackElo "2524"]
[TimeControl "180+1"]
[EndTime "10:28:39 PST"]
[Termination "kuban1991 won by resignation"]

1. Nf3 d5 2. g3 Nf6 3. Bg2 g6 4.
O-O Bg7 5. d4 O-O 6. Nbd2 c6 7.
c3 Bf5 8. Re1 a5 9. Nh4 Bd7 10.
e4 dxe4 11. Nxe4 Nxe4 12. Rxe4 Na6 13. Bg5 Be6 14. Qe2 Nc7 15. Re1 a4 16. a3 Re8 17.
Nf3 Qd5 18. h4 Qb5 19. Qd2 Nd5 20. Rxe6 fxe6 21. h5 Rf8 22. hxg6 hxg6 23. Rxe6 Bf6 24. Ne5 Nc7 25. Rxe7 Bxe7 26. Bxe7 Ne6 27. Qh6 Qd3 28.
Nxd3 1-0

[Event "*** Titled Tuesday Blitz"]
[Site "Chess.com"]
[Date "2021.02.16"]
[Round "3"]
[White "MarkoPe"]
[Black "1random"]
[Result "0-1"]
[WhiteElo "2206"]
[BlackElo "2382"]
[TimeControl "180+1"]
[EndTime "10:28:43 PST"]
[Termination "1random won by resignation"]

1. e4 f5 2. exf5 Nf6 3. d4 d5 4. Bd3 c5 5. dxc5 e6 6. fxe6 Bxc5 7. Nf3 O-O 8. O-O Bxe6 9. Nc3 Nc6 10. Bg5 h6 11. Bh4 Qd7 12. Re1 Bg4 13. Be2 Rae8 14.
Bxf6 Rxf6 15. Qxd5+ Qxd5 16. Nxd5 Rfe6 17. Nc7 Rxe2 18. Nxe8 Rxf2 19. b4 Nxb4 20. Re5 Rxc2+ 21. Rxc5 Rxc5 22. Nd6 Rd5 23. Nxb7 Bc8 24. Rb1 Nxa2 25.
Kf2 Nc3 26. Rb3 Rd3 27. Ne5 Ne4+ 28. Ke2 Rxb3 29. Nd6 Nxd6 0-1

[Event "*** Titled Tuesday Blitz"]
[Site "Chess.com"]
[Date "2021.02.16"]
[Round "3"]
[White "SophieNikoladze"]
[Black "Aya5ian"]
[Result "1-0"]
[WhiteElo "2188"]
[BlackElo "2330"]
[TimeControl "180+1"]
[EndTime "10:28:43 PST"]
[Termination "SophieNikoladze won on time"]

1. d4 Nf6 2. Nf3 c5 3. e3 e6 4.
b3 d5 5. Bb2 Nc6 6. Nbd2 Be7 7.
Bd3 O-O 8. a3 b6 9. Ne5 Bb7 10.
O-O Rc8 11. f4 cxd4 12. exd4 Nd7 13. Qh5 Nf6 14. Qh3 Re8 15. g4 g6 16. g5 Nh5 17.
Rae1 Bf8 18. f5 exf5 19. Rxf5 Nxe5 20. Rfxe5 Rxe5 21. Rxe5 Bg7 22. Re3 Qxg5+ 23. Kh1 Rf8 24. Re2 Bh6 25. Nf3 Qf4 26. Re5 Bc8 27. Qg2 Qf6 28.
Rxh5 Kh8 29. Rxh6 1-0

[Event "*** Titled Tuesday Blitz"]
[Site "Chess.com"]
[Date "2021.02.16"]
[Round "3"]
[White "alejogarcia1999"]
[Black "Piccadilly123"]
[Result "1-0"]
[WhiteElo "2503"]
[BlackElo "2266"]
[TimeControl "180+1"]
[EndTime "10:28:46 PST"]
[Termination "alejogarcia1999 won by checkmate"]

1. d4 d5 2. c4 e6 3. Nc3 Be7 4. Nf3 Nf6 5. Bf4 O-O 6. c5 b6 7. b4 a5 8. a3 axb4 9. axb4 Rxa1 10.
Qxa1 Na6 11. Qa4 Ne4 12. Nd1 g5 13. Bg3 bxc5 14. bxc5 f5 15. Be5 g4 16. Nd2 Nxd2 17.
Kxd2 Bxc5 18. dxc5 Nxc5 19. Qc6 Ne4+ 20. Ke1 Qe7 21.
Qxc7 Qb4+ 22. Bc3 Qb1 23. Qg7# 1-0

[Event "*** Titled Tuesday Blitz"]
[Site "Chess.com"]
[Date "2021.02.16"]
[Round "3"]
[White "stepakyedael"]
[Black "mikolka1985"]
[Result "0-1"]
[WhiteElo "2337"]
[BlackElo "2606"]
[TimeControl "180+1"]
[EndTime "10:28:47 PST"]
[Termination "mikolka1985 won by resignation"]

1. d4 Nf6 2. c4 e6 3. Nf3 d5 4. e3 Be7 5. g4 O-O 6. g5 Ne4 7. h4 c5 8. Nc3 Nxc3 9. bxc3 b6 10. Qc2 dxc4 11. Bxc4 Bb7 12. Be2 Qc7 13. Rg1 Rc8 14.
Bd2 cxd4 15. exd4 Nc6 16. Bd3 g6 17. Qb1 Nb4 18. Be4 Bxe4 19. Qxe4 Nd5 20. Rc1 Ba3 21.
Rc2 Nb4 22. cxb4 Qxc2 23. Qe5 Qd3 24. Rg3 Bxb4 25. Kd1 Rc2 26. Qe2 Rc1+ 27. Kxc1 Ba3+ 28. Kd1 Qb1+ 0-1

[Event "*** Titled Tuesday Blitz"]
[Site "Chess.com"]
[Date "2021.02.16"]
[Round "3"]
[White "korkmaz16"]
[Black "miredenizdogan"]
[Result "0-1"]
[WhiteElo "2393"]
[BlackElo "2262"]
[TimeControl "180+1"]
[EndTime "10:28:48 PST"]
[Termination "miredenizdogan won by resignation"]

1. e4 e6 2. d4 d5 3. e5 c5 4.
c3 Nc6 5. Nf3 Qb6 6. Bd3 Bd7 7.
dxc5 Bxc5 8. b4 Bxf2+ 9. Ke2 Nxb4 10. cxb4 Bd4 11. Nxd4 Qxd4 12. Qb3 Qxe5+ 13. Kd1 Nf6 14.
Bb2 Qg5 15. Qc2 Ng4 16. Bd4 e5 17. Bg1 e4 18. Be2 Rc8 19. Qd2 e3 20. Qd4 Ba4+ 21. Ke1 Rc1+ 22. Bd1 Rxd1+ 23. Ke2 Rxd4 0-1

[Event "*** Titled Tuesday Blitz"]
[Site "Chess.com"]
[Date "2021.02.16"]
[Round "3"]
[White "NewBornNow"]
[Black "frenchpin"]
[Result "1-0"]
[WhiteElo "2779"]
[BlackElo "2508"]
[TimeControl "180+1"]
[EndTime "10:28:49 PST"]
[Termination "NewBornNow won by resignation"]

1. e4 e6 2. d4 d5 3. e5 c5 4. c3 Qb6 5. Nf3 Nc6 6. Bd3 cxd4 7.
cxd4 Bd7 8. Be2 Nh6 9. Bxh6 Qxb2 10. Nbd2 gxh6 11. Rb1 Qxa2 12. Rxb7 Rb8 13. Rxb8+ Nxb8 14. O-O Bb4 15. Bd3 a5 16. Qe2 Qa3 17. g3 Ke7 18.
Qe3 Bb5 19. Bxb5 Qxe3 20. fxe3 Rc8 21. Kf2 Rc2 22. Ke2 Rb2 23. Rb1 Rc2 24. Kd1 Rc7 25.
Rc1 Rb7 26. Ba4 Na6 27. Rc8 Nc7 28. Nb3 Ra7 29. Nc5 h5 30. Ng5 h6 31. Nh7 Bxc5 32.
dxc5 Rb7 33. Nf6 Nb5 1-0

[Event "*** Titled Tuesday Blitz"]
[Site "Chess.com"]
[Date "2021.02.16"]
[Round "3"]
[White "geordie_derraugh"]
[Black "GigaQuparadze"]
[Result "0-1"]
[WhiteElo "2467"]
[BlackElo "2937"]
[TimeControl "180+1"]
[EndTime "10:28:51 PST"]
[Termination "GigaQuparadze won by checkmate"]

1. e4 c5 2. Nf3 Nc6 3. c3 d5 4. exd5 Qxd5 5. d4 e6 6. Na3 Nf6 7. Nb5 Qd8 8. Bf4 Nd5 9. Bg3 a6 10. Na3 cxd4 11. cxd4 Bb4+ 12. Nd2 Nxd4 13. Qa4+ Bd7 14.
Qd1 Rc8 15. Bd3 Qa5 16. Nb1 Nb3 17. Qxb3 Rc1+ 18. Ke2 Rxh1 19. Nf1 O-O 20. a3 Be7 21.
Qxb7 Bb5 22. Bxb5 Qxb5+ 23. Qxb5 axb5 24. Nbd2 f5 25. f4 g5 26. Kf3 g4+ 27. Ke2 Rc8 28. Kd3 Bf6 29. Rb1 h5 30. Nb3 h4 31. Bf2 Nxf4+ 32.
Ke3 Nd5+ 33. Ke2 Rc2+ 34. Ke1 Nf4 35. Be3 Re2+ 36. Kd1 Rxf1# 0-1

[Event "*** Titled Tuesday Blitz"]
[Site "Chess.com"]
[Date "2021.02.16"]
[Round "3"]
[White "grandcoach"]
[Black "ILoveMauritania"]
[Result "1-0"]
[WhiteElo "2228"]
[BlackElo "2375"]
[TimeControl "180+1"]
[EndTime "10:28:51 PST"]
[Termination "grandcoach won by resignation"]

1. e4 e5 2. Nf3 Nc6 3. d4 exd4 4.
c3 dxc3 5. Nxc3 d6 6. Bc4 Nf6 7.
O-O Be7 8. b3 O-O 9. Bb2 Bg4 10.
h3 Bh5 11. Re1 a6 12. Qd3 Bxf3 13. Qxf3 Ne5 14. Qg3 Nxc4 15. bxc4 Qd7 16. Nd5 Ne8 17. e5 g6 18. exd6 Bxd6 19. Qc3 f6 20. Rxe8 Raxe8 21. Nxf6+ Rxf6 22. Qxf6 Qe7 23. Qh8+ Kf7 24. Qg7+ Ke6 25. Re1+ Kd7 26. Rxe7+ Rxe7 27. Qc3 b5 28. cxb5 axb5 29. g3 c5 30. Qd3 c4 31. Qd5 1-0

[Event "*** Titled Tuesday Blitz"]
[Site "Chess.com"]
[Date "2021.02.16"]
[Round "3"]
[White "MagzyPotato"]
[Black "Gahan-MG"]
[Result "0-1"]
[WhiteElo "2420"]
[BlackElo "2641"]
[TimeControl "180+1"]
[EndTime "10:28:52 PST"]
[Termination "Gahan-MG won by resignation"]

1. d4 Nf6 2. c4 e5 3. dxe5 Ng4 4. Bf4 g5 5. Bg3 Bg7 6. Nf3 Nc6 7. h4 Ngxe5 8.
Nxe5 Nxe5 9. e3 g4 10. Nc3 h5 11. Be2 d6 12. Qc2 Be6 13. Ne4 Qd7 14. Ng5 O-O-O 15. Rd1 Bf5 16. e4 Bg6 17. f4 gxf3 18. gxf3 Kb8 19. Nh3 f5 20. Nf4 fxe4 21. Nxg6 Nxg6 22. Qxe4 Qe8 23. Bd3 Bxb2 24. O-O Qxe4 25. Bxe4 Ne5 26.
Bxb7 Kxb7 27. Rb1 Nxc4 28. Rfc1 d5 29. Be5 Rhg8+ 30. Kf2 Nxe5 0-1

[Event "*** Titled Tuesday Blitz"]
[Site "Chess.com"]
[Date "2021.02.16"]
[Round "3"]
[White "GM4life"]
[Black "kikydu96"]
[Result "0-1"]
[WhiteElo "2407"]
[BlackElo "2615"]
[TimeControl "180+1"]
[EndTime "10:28:53 PST"]
[Termination "kikydu96 won by resignation"]

1. e4 c5 2. Nf3 d6 3. d4 cxd4 4. Nxd4 Nf6 5. Nc3 Nc6 6. Bg5 e6 7. Qd2 Be7 8. O-O-O Nxd4 9. Qxd4 O-O 10. Kb1 Nxe4 11. Nxe4 Bxg5 12. Nxg5 Qxg5 13. Qxd6 b5 14. h4 Qf6 15. Bxb5 Bb7 16. f3 Rab8 17. Rd4 Bxf3 18. Rf4 Rfd8 19. Qxb8 Rxb8 20. Rxf6 gxf6 21. gxf3 Rxb5 22. Rg1+ Kf8 23. a4 Rf5 24. Rg3 Rf4 25.
Rg4 Rxf3 26. Rb4 f5 27. Rb7 f4 28. Rxa7 Rf1+ 29. Ka2 f3 30. Ra8+ Kg7 31. Rc8 f2 32. Rc4 Ra1+ 33. Kxa1 f1=Q+ 0-1

[Event "*** Titled Tuesday Blitz"]
[Site "Chess.com"]
[Date "2021.02.16"]
[Round "3"]
[White "dretch"]
[Black "SanQui14"]
[Result "1-0"]
[WhiteElo "2839"]
[BlackElo "2446"]
[TimeControl "180+1"]
[EndTime "10:28:54 PST"]
[Termination "dretch won by resignation"]

1. d4 Nf6 2. c4 e6 3. Nc3 Bb4 4. Qc2 b6 5. e4 c5 6. a3 cxd4 7. axb4 dxc3 8. bxc3 d6 9. Bg5 h6 10. Bh4 Bb7 11. f3 Qc7 12. Qd2 Nbd7 13. Rd1 d5 14. Bg3 Qc6 15. Ne2 Qxc4 16. Nd4 Qc8 17. Bd6 a6 18. e5 Ng8 19. Bd3 Ne7 20. O-O Qd8 21. f4 Nc8 22. Nxe6 Qh4 23. g3 Qh3 24. Nxg7+ Kd8 25. Bf5 1-0

[Event "*** Titled Tuesday Blitz"]
[Site "Chess.com"]
[Date "2021.02.16"]
[Round "3"]
[White "davidkalashian"]
[Black "LogoCzar"]
[Result "1-0"]
[WhiteElo "2575"]
[BlackElo "2378"]
[TimeControl "180+1"]
[EndTime "10:28:56 PST"]
[Termination "davidkalashian won by resignation"]

1. d4 Nf6 2. c4 e5 3. dxe5 Ne4 4.
Nf3 Nc6 5. Nbd2 Bb4 6. a3 Bxd2+ 7.
Bxd2 Nxd2 8. Qxd2 O-O 9. e3 Re8 10. Be2 Qe7 11. Qc3 Nxe5 12. Nxe5 Qxe5 13. Qxe5 Rxe5 14. O-O-O d6 15. Bf3 Be6 16. Bxb7 Rb8 17. Bd5 Bxd5 18. Rxd5 Rxd5 19. cxd5 Rb5 20. Rd1 f5 21. Rd4 a5 22. Rc4 Rxd5 23. Rxc7 h6 24. Rb7 Rc5+ 25. Kd2 g5 26. a4 Rc4 27. b3 Rh4 28. h3 g4 29. hxg4 fxg4 30. g3 Rh2 31. Ke2 h5 32. Rb5 Kg7 33. Rxa5 Kf6 34. Ra8 h4 35.
gxh4 g3 36. Rf8+ Ke7 37. Rf3 gxf2 38. Rxf2 Rxh4 39. Kd3 d5 40. Rf4 Rh1 41. Kc3 Kd6 42. Rf6+ Ke5 43. Rf8 Rc1+ 44. Kb4 Ke4 45. Re8+ Kd3 46.
Re5 Rc8 47. Rxd5+ Kxe3 48. a5 Ke4 49. Rd7 Rb8+ 50. Ka4 Ke5 51. b4 Ke6 52. Rd1 1-0

[Event "*** Titled Tuesday Blitz"]
[Site "Chess.com"]
[Date "2021.02.16"]
[Round "3"]
[White "Aleksey_Sorokin"]
[Black "Sergey85Rodchenkov"]
[Result "1-0"]
[WhiteElo "2766"]
[BlackElo "2492"]
[TimeControl "180+1"]
[EndTime "10:29:02 PST"]
[Termination "Aleksey_Sorokin won on time"]

1. Nf3 Nf6 2. c4 b6 3. b4 Bb7 4.
Nc3 e5 5. Nxe5 Bxb4 6. Bb2 O-O 7. Nd3 Bxc3 8. Bxc3 Re8 9. f3 d5 10. Bxf6 Qxf6 11.
cxd5 Bxd5 12. e4 Bxe4 13. fxe4 Rxe4+ 14. Be2 Nc6 15. Nf2 Rae8 16. Nxe4 Rxe4 17. d3 Re6 18. Rf1 Qh4+ 19. Kd2 Nd4 20. Bf3 Qf4+ 21. Kc3 Nb5+ 22.
Kb3 a5 23. d4 Re3+ 24. Kb2 Qd6 25. Rc1 Qa3+ 26. Ka1 Nc3 27. Qd2 Rd3 28. Qb2 1-0

[Event "*** Titled Tuesday Blitz"]
[Site "Chess.com"]
[Date "2021.02.16"]
[Round "3"]
[White "bocah_sakit"]
[Black "AlexSuv"]
[Result "1-0"]
[WhiteElo "2848"]
[BlackElo "2451"]
[TimeControl "180+1"]
[EndTime "10:29:05 PST"]
[Termination "bocah_sakit won by resignation"]

1. e4 c5 2. Nf3 e6 3. d4 cxd4 4. Nxd4 Nc6 5. Nc3 Qc7 6. g3 a6 7. Bg2 Nf6 8. O-O Nxd4 9. Qxd4 Bc5 10. Bf4 d6 11. Qd2 h6 12. Rad1 e5 13. Be3 Bb4 14. Nd5 Nxd5 15. Qxd5 Be6 16. Qd3 Bc4 17. Bb6 Qc6 18.
Qe3 Bxf1 19. Rxf1 Bc5 20. Bxc5 Qxc5 21. Qb3 Qc6 22. f4 exf4 23. gxf4 O-O 24. Kh1 Qc7 25. f5 Rac8 26. c3 Qc4 27. Qc2 f6 28. a3 Rfe8 29. Rd1 Kh8 30. h3 Qc5 31. Qd2 Rcd8 32. Qd3 Re5 33. b4 Qc6 34. c4 b5 35. c5 Re7 36.
e5 Rxe5 37. Bxc6 1-0

[Event "*** Titled Tuesday Blitz"]
[Site "Chess.com"]
[Date "2021.02.16"]
[Round "3"]
[White "Leo_C"]
[Black "Vincent_Vega95"]
[Result "0-1"]
[WhiteElo "2428"]
[BlackElo "2690"]
[TimeControl "180+1"]
[EndTime "10:29:05 PST"]
[Termination "Vincent_Vega95 won by resignation"]

1. d4 Nf6 2. c4 g6 3. f3 Bg7 4. e4 d6 5. Nc3 O-O 6. Be3 c5 7. Nge2 Qa5 8. Nc1 cxd4 9. Nb3 Qe5 10. Bxd4 Qh5 11. g4 Qh4+ 12. Bf2 Qg5 13. h4 Qe5 14. Bd4 Qg3+ 15. Bf2 Qe5 16. Bd4 Qe6 17. g5 Nh5 18. Bh3 Qxc4 19. Bxc8 Qxc8 20. Bxg7 Kxg7 21. Rc1 Nc6 22. Nd5 Qd7 23. Qd2 Rac8 24. Kf2 Kg8 25. Nf4 Nxf4 26. Qxf4 Ne5 27. Qe3 Qb5 28. Rc3 Rxc3 29.
Qxc3 Qd3 30. Re1 Qxc3 0-1

[Event "*** Titled Tuesday Blitz"]
[Site "Chess.com"]
[Date "2021.02.16"]
[Round "3"]
[White "WilliamSchill"]
[Black "pavelalexandru07"]
[Result "0-1"]
[WhiteElo "2055"]
[BlackElo "2326"]
[TimeControl "180+1"]
[EndTime "10:29:08 PST"]
[Termination "pavelalexandru07 won by resignation"]

1. e4 c5 2. Nf3 d6 3. d4 cxd4 4.
Nxd4 Nf6 5. Nc3 a6 6. Bg5 Nbd7 7. Qe2 h6 8. Bxf6 Nxf6 9. O-O-O e6 10. f4 Qc7 11. g4 g5 12. e5 dxe5 13. fxe5 Nd7 14. Nd5 exd5 15. e6 Nf6 16. Bg2 Bd6 17. Rhf1 Bf4+ 18. Kb1 O-O 19. Nf5 fxe6 20. Nxh6+ Kg7 21.
Rd3 Kxh6 22. Rh3+ Kg7 0-1

[Event "*** Titled Tuesday Blitz"]
[Site "Chess.com"]
[Date "2021.02.16"]
[Round "3"]
[White "IMRosen"]
[Black "ajdemipopushi"]
[Result "1-0"]
[WhiteElo "2613"]
[BlackElo "2347"]
[TimeControl "180+1"]
[EndTime "10:29:09 PST"]
[Termination "IMRosen won by resignation"]

1. d4 Nf6 2. Bf4 c5 3. e3 b6 4. Qf3 d5 5. Nc3 a6 6. g4 h6 7. h3 e6 8. Qg3 Nc6 9. Bc7 Qd7 10. Bxb6 cxd4 11. Bxd4 Bd6 12. f4 Nxd4 13. exd4 Rb8 14.
Bd3 Rxb2 15. Nge2 Qc7 16. O-O g5 17. Qe3 gxf4 18. Nxf4 Qxc3 19. Bb5+ Rxb5 20. Qxc3 Ke7 21. Rae1 Bd7 22. Qf3 Ne4 23. Nxd5+ exd5 24. Qf6+ Ke8 25.
Qxh8+ Ke7 26. Qf6+ Ke8 27. Qxd6 1-0

[Event "*** Titled Tuesday Blitz"]
[Site "Chess.com"]
[Date "2021.02.16"]
[Round "3"]
[White "dozer80"]
[Black "platy3"]
[Result "0-1"]
[WhiteElo "2614"]
[BlackElo "2855"]
[TimeControl "180+1"]
[EndTime "10:29:14 PST"]
[Termination "platy3 won by resignation"]

1. e4 c5 2. Nf3 Nc6 3. Nc3 e6 4. d4 cxd4 5. Nxd4 Qc7 6. Be3 a6 7. Qf3 Ne5 8. Qh3 b5 9. O-O-O Bb7 10. f4 Nc4 11. Bxc4 Qxc4 12. Kb1 Rc8 13. f5 Nf6 14. e5 Ne4 15. Nxe4 Bxe4 16. fxe6 dxe6 17. Rc1 Bc5 18. Rhd1 O-O 19. Ka1 Bd5 20. Nb3 Bxe3 21. Qxe3 Qg4 22. g3 Rxc2 23. Nc5 Rc8 24. Nd3 Qc4 25. b3 Rxa2+ 26. Kxa2 Qxb3+ 0-1

[Event "*** Titled Tuesday Blitz"]
[Site "Chess.com"]
[Date "2021.02.16"]
[Round "3"]
[White "eduardoperalta"]
[Black "MPGM"]
[Result "0-1"]
[WhiteElo "2404"]
[BlackElo "2608"]
[TimeControl "180+1"]
[EndTime "10:29:16 PST"]
[Termination "MPGM won by checkmate"]

1. d4 d5 2. Nf3 e6 3. c4 a6 4. cxd5 exd5 5. Nc3 h6 6. g3 Nf6 7. Bg2 Bd6 8. O-O O-O 9. b3 Re8 10. Bb2 c6 11. Qc2 Bg4 12. Rad1 Bh5 13. Nh4 Nbd7 14.
Rfe1 Bb4 15. a3 Bxc3 16. Bxc3 Ne4 17. Bb2 Ndf6 18. f3 Nd6 19. Rd2 g5 20. Nf5 Bg6 21. g4 Qd7 22. e4 Nxf5 23. exf5 Rxe1+ 24. Kf2 Qe7 25. fxg6 Qe3+ 26. Kg3 Qf4+ 27. Kh3 Nxg4 28. gxf7+ Kg7 29. Re2 Qxh2+ 30. Kxg4 Qf4+ 31. Kh3 Qh4# 0-1

[Event "*** Titled Tuesday Blitz"]
[Site "Chess.com"]
[Date "2021.02.16"]
[Round "3"]
[White "ailime26"]
[Black "Redzishchess"]
[Result "0-1"]
[WhiteElo "2114"]
[BlackElo "2346"]
[TimeControl "180+1"]
[EndTime "10:29:16 PST"]
[Termination "Redzishchess won by checkmate"]

1. e4 c5 2. Nf3 d6 3. d4 cxd4 4.
Nxd4 Nf6 5. Nc3 g6 6. Be3 Bg7 7. f3 O-O 8. Qd2 Nc6 9. O-O-O d5 10. h4 h5 11. Be2 dxe4 12. Nxe4 Nxe4 13. fxe4 Ne5 14.
Bh6 Bg4 15. Qg5 Bf6 16. Qf4 Bxe2 17. Nxe2 Qb6 18. Nc3 Rfc8 19. Bg5 Rxc3 20. bxc3 Nc4 21. Rdf1 Rd8 22. Bxf6 Qb2# 0-1

[Event "*** Titled Tuesday Blitz"]
[Site "Chess.com"]
[Date "2021.02.16"]
[Round "3"]
[White "DrVelja"]
[Black "Susal_De_Silva"]
[Result "1/2-1/2"]
[WhiteElo "2874"]
[BlackElo "2635"]
[TimeControl "180+1"]
[EndTime "10:29:17 PST"]
[Termination "Game drawn by repetition"]

1. e4 e5 2. Nf3 Nc6 3. Bb5 a6 4.
Ba4 Nf6 5. O-O Be7 6. d3 b5 7.
Bb3 d6 8. a3 O-O 9. Nc3 Be6 10.
Nd5 Nd4 11. Nxd4 exd4 12. Nxf6+ Bxf6 13. Bxe6 fxe6 14. Qg4 Qe7 15. f4 c5 16. a4 c4 17.
Bd2 cxd3 18. cxd3 Rfc8 19. axb5 axb5 20. Bb4 Qd7 21. b3 g6 22. Rxa8 Rxa8 23. f5 e5 24.
Qg3 g5 25. h4 h6 26. hxg5 hxg5 27. Bd2 Ra2 28. Rf2 Ra1+ 29. Rf1 Ra2 30. Rf2 Ra1+ 31. Rf1 Ra2 1/2-1/2

[Event "*** Titled Tuesday Blitz"]
[Site "Chess.com"]
[Date "2021.02.16"]
[Round "3"]
[White "stepanosinovsky"]
[Black "KhamzinOlzhas"]
[Result "0-1"]
[WhiteElo "2279"]
[BlackElo "2525"]
[TimeControl "180+1"]
[EndTime "10:29:17 PST"]
[Termination "KhamzinOlzhas won on time"]

1. e4 c5 2. Nf3 d6 3. Bc4 Nf6 4. d3 Nc6 5. c3 e6 6. O-O Be7 7.
Re1 d5 8. exd5 exd5 9. Bb5 Bd7 10. d4 O-O 11. Nbd2 cxd4 12. cxd4 Rc8 13. a3 Re8 14. h3 Qb6 15. Bd3 Nxd4 16. Nxd4 Qxd4 17. Nf3 Qb6 18. Be3 Bc5 19. Bxc5 Qxc5 20. Ne5 Bb5 21. Bf5 Rc7 22. Nf3 Rxe1+ 23. Qxe1 g6 24. Qe5 Qe7 0-1

[Event "*** Titled Tuesday Blitz"]
[Site "Chess.com"]
[Date "2021.02.16"]
[Round "3"]
[White "Chesseyat004"]
[Black "milenapn"]
[Result "1-0"]
[WhiteElo "2476"]
[BlackElo "2112"]
[TimeControl "180+1"]
[EndTime "10:29:18 PST"]
[Termination "Chesseyat004 won by checkmate"]

1. d4 Nf6 2. c4 g6 3. Nc3 Bg7 4. e4 d6 5. Be2 O-O 6. Be3 e5 7. d5 a5 8. g4 Na6 9. h4 Nc5 10. f3 Nfd7 11. h5 f5 12. hxg6 hxg6 13. gxf5 gxf5 14. Qd2 f4 15. Bf2 Bf6 16. O-O-O Rf7 17.
Nh3 Nf8 18. Rdg1+ Rg7 19. Rxg7+ Bxg7 20. Qe1 Ng6 21. Rg1 Bxh3 22. Rxg6 Kf7 23. Qg1 Qh8 24.
Nb5 Qh7 25. Nxc7 Rc8 26. Rxd6 Rxc7 27. Bxc5 Bf8 28. Rf6+ Kxf6 29. Bxf8 Qf7 30. Qb6+ Kg5 31. Qh6# 1-0

[Event "*** Titled Tuesday Blitz"]
[Site "Chess.com"]
[Date "2021.02.16"]
[Round "3"]
[White "goofypenguin96"]
[Black "bogcsab"]
[Result "1-0"]
[WhiteElo "2364"]
[BlackElo "2168"]
[TimeControl "180+1"]
[EndTime "10:29:20 PST"]
[Termination "goofypenguin96 won on time"]

1. d4 d6 2. c4 Nf6 3. Nc3 g6 4. e4 Bg7 5. f3 O-O 6. Be3 Nbd7 7. Qd2 e5 8. Nge2 c6 9. d5 c5 10. g4 Ne8 11. h4 f5 12. gxf5 gxf5 13. h5 fxe4 14.
fxe4 Rf7 15. h6 Bf6 16. O-O-O Nf8 17. Ng3 Ng6 18. Be2 Kh8 19. Rdg1 a6 20. Bh5 b5 21. Nf5 Rb7 22. Bxg6 hxg6 23. Rxg6 bxc4 24. Rhg1 Rab8 25. Qg2 Bxf5 26. exf5 Nc7 27. h7 Rxb2 28. Rg8+ 1-0